 Dungeon Crawl Stone Soup version 0.29.0-13-gc9e81de378 (webtiles) character file.

Game seed: 14395124398591435530

65 Ofeo the Shield-Bearer (level 4, 0/33 HPs)
             Began as a Meteoran Wanderer on Sept 8, 2022.
             Slain by an orc
             ... wielding a +0 hand axe
              (4 damage)
             ... on level 3 of the Dungeon.
             The game lasted 00:02:29 (325 turns).

Ofeo the Shield-Bearer (Meteoran Wanderer)           Turns: 325, Time: 00:02:29

Health: 0/33       AC:  2    Str: 12    XL:     4   Next: 62%
Magic:  3/9        EV: 10    Int: 15    God:
Gold:   87         SH:  6    Dex: 21    Spells: 8/9 levels left

rFire   . . .      SeeInvis .   h - +2 whip (elec)
rCold   . . .      Faith    .   b - +0 buckler
rNeg    . . .      Spirit   .   d - +0 robe
rPois   .          Reflect  .   (no helmet)
rElec   .          Harm     .   (no cloak)
rCorr   .          Rampage  .   (no gloves)
Will    .....                   (no boots)
Stlth   +.........              (no amulet)
HPRegen 0.11/turn               f - +6 ring of dexterity
MPRegen 0.11/turn               (no ring)

@: glowing
A: sense surroundings 1, otherworldly, glowing, explore regen
a: no special abilities


You were on level 3 of the Dungeon.
You visited 1 branch of the dungeon, and saw 4 of its levels.

You collected 87 gold pieces.

Inventory:

Hand Weapons
 a - a +0 dagger
 h - a +2 whip of electrocution (weapon)
Armour
 b - a +0 buckler (worn)
 d - a +0 robe (worn)
Jewellery
 f - a +6 ring of dexterity (left hand)
Scrolls
 c - a scroll of fear
 g - a scroll of identify {unknown}
 i - a scroll of blinking {unknown}
Potions
 e - a potion of lignification


   Skills:
 + Level 4.1 Shields
 + Level 2.1 Unarmed Combat
 + Level 3.2 Spellcasting
 + Level 3.1 Earth Magic
 + Level 2.3 Invocations
 + Level 2.1 Evocations


You had 8 spell levels left.
You knew the following spells:

 Your Spells              Type           Power      Damage    Failure   Level
a - Sandblast             Erth           22%        2d7       7%          1

Your spell library contained the following spells:

 Spells                   Type           Power      Damage    Failure   Level
 Passwall                 Tmut/Erth      5%         N/A       21%         2
 Petrify                  Tmut/Erth      7%         N/A       78%         4


Dungeon Overview and Level Annotations

Branches:
Dungeon (4/15) Zot: 2053
 Temple: D:4-7

Altars:

Shops:
D:2 !

Annotations:
D:3 Robin


Innate Abilities, Weirdness & Mutations

You passively map a small area around you.
You are easily found by Zot.
You glow in the dark.
You regain HP and MP as you explore.


Message History

There is a stone staircase leading down here.
Casting: Sandblast (safe; 7% risk of failure)
Confirm with . or Enter, or press ? or * to list all spells.
The blast of sand misses the orc.
The orc hits you with a +0 hand axe. The orc hits you with a +0 short sword.
You take 4 damage, and have 26/33 hp.
You now have 5/9 mp.
Casting: Sandblast (safe; 7% risk of failure)
Confirm with . or Enter, or press ? or * to list all spells.
The blast of sand hits the orc but does no damage.
The orc hits you with a +0 hand axe. The orc hits you with a +0 short sword.
You block the orc's attack. The orc hits you with a +0 short sword.
You take 12 damage, and have 14/33 hp.
MASSIVE DAMAGE!!
You now have 4/9 mp.
The orc attacks as you move away! You block the orc's attack.
The orc hits you but does no damage.
You hit the orc but do no damage. The orc hits you with a +0 hand axe.
* * * LOW HITPOINT WARNING * * *
The orc hits you with a +0 short sword.
* * * LOW HITPOINT WARNING * * *
You take 7 damage, and have 7/33 hp.
MASSIVE DAMAGE!!
Casting: Sandblast (safe; 7% risk of failure)
Confirm with . or Enter, or press ? or * to list all spells.
Aiming: Sandblast (safe; 7% risk of failure)
Press: ? - help, Shift-Dir - straight line, f/p - orc
Aim: an orc, wielding a +0 hand axe and wearing a +0 chain mail (87% to hit)
The blast of sand hits the orc but does no damage.
You block the orc's attack. The orc barely misses you.
You now have 3/9 mp.
Casting: Sandblast (safe; 7% risk of failure)
Confirm with . or Enter, or press ? or * to list all spells.
Aiming: Sandblast (safe; 7% risk of failure)
Press: ? - help, Shift-Dir - straight line, f/p - orc
Aim: an orc, wielding a +0 hand axe and wearing a +0 chain mail (87% to hit)
The blast of sand hits the orc but does no damage.
The orc hits you with a +0 short sword.
* * * LOW HITPOINT WARNING * * *
The orc hits you with a +0 hand axe.
You die...

* * * ,,, , ,,
, * * ## ,, * *
.+ ,* * .. *
##.# , , *
#..#####..# , ,
#....o@.##
,#####o...# ,
#..#.# ,
#.#####..#.# *
#........#.###,
########.#..<#
* #.#####, #..
####*


You could see 2 orcs.

Vanquished Creatures
  3 gnolls
  An adder (D:3)
  A dart slug (D:1)
  2 ball pythons
  2 endoplasms (D:2)
  5 goblins
  2 hobgoblins (D:2)
  A jackal (D:3)
  A quokka (D:2)
  A bat (D:1)
  3 kobolds
  A rat (D:1)
23 creatures vanquished.

Notes
Turn   | Place    | Note
-------+----------+-------------------------------------------
     0 | D:1      | Ofeo the Meteoran Wanderer began the quest for the Orb.
     0 | D:1      | Ofeo set off with the following items: a +0 dagger, a +0
                  | buckler, a scroll of fear, a +0 robe, a potion of
                  | lignification; and the following spell memorised:
                  | Sandblast; and the following spells available to memorise:
                  | Passwall, Petrify.
     0 | D:1      | Reached XP level 1. HP: 14/14 MP: 5/5
    75 | D:1      | Reached XP level 2. HP: 20/20 MP: 4/6
   104 | D:2      | Found Fibrimp's Distillery.
   136 | D:3      | Reached XP level 3. HP: 26/26 MP: 4/8
   166 | D:3      | Noticed Robin
   174 | D:2      | Reached skill level 4 in Shields
   198 | D:2      | Reached XP level 4. HP: 27/33 MP: 6/9
   325 | D:3      | Slain by an orc

Illustrated notes

Levels and vault maps discovered:
D:1:      dpeg_arrival_rhombus, layout_loops_ring, serial_rivers,
          chequers_serial_rivers_micro_a, chequers_serial_rivers_micro_c,
          chequers_serial_rivers_small_b, chequers_serial_rivers_micro_a
D:2:      layout_basic, basic_altar, serial_shops, nicolae_shop_trees
D:3:      layout_basic, serial_shops, shop, shop, nicolae_shop_waterfront,
          uniq_robin
D:4:      cheibrodos_old_hovel, layout_cave_pools, zin_treasury, serial_shops,
          kennysheep_little_box, minmay_curled_crystal,
          dreamdust_mushroom_princess, uniq_crazy_yiuf_cottage, uniq_eustachio

Skill      XL: |  1  2  3  4 |
---------------+-------------+-----
Spellcasting   | 3 |  3.2
Invocations    | 2 |  2.3
Shields        | 4 |  4.1
Earth Magic    | 3 |  3.1
Unarmed Combat | 2 |  2.1
Evocations     | 2 |  2.1

Action                   |  1- 3 |  4- 6 || total
-------------------------+-------+-------++-------
Melee: Whip              |     6 |     1 ||     7
 Cast: Sandblast         |    21 |    20 ||    41
Armor: Robe              |     2 |     3 ||     5
Dodge: Dodged            |    11 |     5 ||    16
Block: Buckler           |    10 |    10 ||    20
